 Dungeon Sprint DCSS version 0.16-a0-3807-g3748f16 (console) character file.

204228 Monkaria the Swordmaster (level 17, 0/178 HPs)
             Began as a Hill Orc Fighter on Jan 27, 2015.
             Was the Champion of Makhleb.
             Killed from afar by a hellion (16 damage)
             ... with a burst of hellfire
             ... summoned by Cerebov
             ... in the Dungeon (Sprint IX: "|||||||||||||||||||||||||||||").
             The game lasted 00:42:11 (7948 turns).

Monkaria the Swordmaster (Hill Orc Fighter)         Turns: 7948, Time: 00:42:11

Health: 0/178      AC: 37    Str: 34    XL:     17   Next: 30%
Magic:  35/35      EV: 31    Int: 12    God:    Makhleb [******]
Gold:   1347       SH: 15    Dex: 25    Spells: 0 memorised, 16 levels left

rFire  + + .     SeeInvis +     p - +7 scimitar (flame)
rCold  + . .     Clarity  .     N - +9 plate armour of Spring {Int+4 Dex+4 Slay+5 SInv}
rNeg   + . .     SustAb   .     c - +0 shield
rPois  +         Gourm    .     S - -2 hat of the Alchemist {rElec rPois+ rF+ rC+ rN+ MR+ rMut rCorr}
rElec  +         Spirit   .     q - +0 cloak
rCorr  +         Warding  .     P - +2 pair of gloves
rMut   +         NoTele   +     O - +0 pair of boots "Katurum" {rF+ MR+ Regen+}
MR     +++..                    B - amulet of regeneration
Stlth  ..........               u - +3 ring of strength
                                r - +6 ring of dexterity

@: mighty, agile, very slightly contaminated, hasted and slowed, invisible
(expiring), extremely resistant to hostile enchantments, extremely unstealthy
A: no striking features
a: Minor Destruction, Lesser Servant of Makhleb, Major Destruction, Greater
Servant of Makhleb, Renounce Religion
}: 4/15 runes: decaying, serpentine, barnacled, gossamer


You were in the Dungeon.
You worshipped Makhleb.
Makhleb was exalted by your worship.
You were hungry.

You visited 1 branch You collected 1941 gold pieces.
You spent 594 gold pieces at shops.

Inventory:

Hand weapons
 p - a +7 scimitar of flaming (weapon)
 Z - a +0 great sword of flaming
Missiles
 a - 36 javelins of returning
 s - 5 steel javelins (quivered)
 W - 4 silver javelins
Armour
 c - a +0 shield (worn)
 q - a +0 cloak (worn)
 N - the +9 plate armour of Spring (worn) {Int+4 Dex+4 Slay+5 SInv}
   (You found it in the Dungeon)

   It affects your intelligence (+4).
   It affects your dexterity (+4).
   It affects your accuracy and damage with ranged weapons and melee attacks
   (+5).
   It enhances your eyesight.
 O - the +0 pair of boots "Katurum" (worn) {rF+ MR+ Regen+}
   (You found it in the Dungeon)

   It protects you from fire.
   It affects your resistance to hostile enchantments.
   It increases your rate of regeneration.
 P - a +2 pair of gloves (worn)
 R - a +1 helmet
 S - the -2 hat of the Alchemist (worn) {rElec rPois+ rF+ rC+ rN+ MR+ rMut rCorr}
   (You found it in the Dungeon)

   It protects you from fire.
   It protects you from cold.
   It insulates you from electricity.
   It protects you from poison.
   It protects you from negative energy.
   It affects your resistance to hostile enchantments.
   It protects you from acid and corrosion.
   It protects you from mutation.
Rods
 w - a +0 rod of inaccuracy (11/11)
   (You found it in the Dungeon)
Jewellery
 r - a +6 ring of dexterity (left hand)
 t - a +3 ring of intelligence
 u - a +3 ring of strength (right hand)
 x - an uncursed ring of wizardry
 B - an amulet of regeneration (around neck)
 D - a +4 ring of evasion
 E - a +2 ring of slaying
 J - an uncursed ring of ice
 K - an uncursed ring of protection from cold
 L - an uncursed ring of ice
 M - an uncursed ring of see invisible
Magical devices
 o - a wand of fire (5)
 F - a wand of polymorph (12)
 Y - a wand of frost (21)
Scrolls
 k - a scroll of blinking
 m - 7 scrolls of remove curse
 n - 2 scrolls of amnesia
 y - 3 scrolls of fog
 z - 4 scrolls of fear
 H - 2 scrolls of immolation
 T - a scroll of identify
 V - a scroll of magic mapping {unknown}
Potions
 b - 4 potions of brilliance
 f - 9 potions of curing
 g - a potion of heal wounds
 h - a potion of haste
 i - 4 potions of magic
 j - 4 potions of berserk rage
 C - 3 potions of restore abilities
 I - 3 potions of agility
 Q - a potion of mutation {unknown}
 U - 2 potions of cure mutation
Miscellaneous
 G - a box of beasts {used: 6}
Comestibles
 d - 13 meat rations
 v - 13 bread rations
 A - 39 fruits


   Skills:
 + Level 22.5 Fighting
 O Level 27 Long Blades
 - Level 5.8 Throwing
 O Level 27 Armour
 - Level 19.0 Dodging
 - Level 11.0 Shields
 - Level 17.4 Invocations
 - Level 12.3 Evocations


You had 16 spell levels left.
You didn't know any spells.

Dungeon Overview and Level Annotations

Branches:
Dungeon (1/1)

Altars:
Cheibriados
Dithmenos
Elyvilon
Fedhas
Gozag
Kikubaaqudgha
Makhleb
Nemelex Xobeh
Okawaru
Qazlal
Ru
Sif Muna
Trog
Vehumet
Xom
Yredelemnul
Zin
The Shining One
Beogh
Jiyva
Lugonu

Shops:
D *(?}

Annotations:
D Cerebov


Message History

Unknown command.
The hellion gives a hideous shriek!
You flicker for a moment.
The hellion gives a hideous shriek!
The black draconian zealot is engulfed in roaring flames.
You see here a glowing great mace.
The hellion gives a hideous shriek!
The black draconian zealot is engulfed in roaring flames.
Things that are here:
a battleaxe; a plate armour You barely miss the cacodemon.
The hellion gestures at you.
The hellfire explodes!
The burst of hellfire engulfs you!
* * * LOW HITPOINT WARNING * * *
The burst of hellfire engulfs the cacodemon.
The hellion gestures at the cacodemon.
The hellfire explodes!
The burst of hellfire engulfs the cacodemon.
The burst of hellfire engulfs you!
You die...

(▓.▓)▓.▓.▓.▓)▓.▓2▓
)▓.▓.▓.▓.▓.▓)▓.▓.▓
)▓.▓(▓.▓.▓.▓.▓.▓.▓
)▓.▓(▓.▓.▓.▓)▓.▓&▓
.♣.▓.▓.▓.▓.▓.▓.▓.▓
.♣.▓.▓.▓.▓.▓)▓.▓4▓
.♣.▓.▓.▓.▓.▓)▓.▓)▓
.♣.▓(▓.▓.▓.▓.▓.▓2▓
(♣.▓(▓.▓.▓.▓)▓.▓@▓
.♣.▓÷▓.▓.▓.▓)▓.▓)▓
.♣.▓)▓.▓.▓.▓)▓.▓÷▓
)♣.▓)▓.▓.▓.▓)▓.▓(▓
.♣.▓'▓.▓[▓.▓(▓.▓'▓
÷♣.▓(▓.▓[▓.▓(▓.▓.▓
.▓.▓.▓.▓[▓.▓(▓.▓)▓
.▓.▓.▓.▓.▓.▓(▓.▓)▓
.▓.▓.▓.▓[▓.▓(▓.▓)▓


You could see Cerebov, a cacodemon, a hellion and a blue devil.

Vanquished Creatures
  A greater mummy (D)
  Norris (D)
  Xtahua (D)
  Frederick (D)
  A tentacled monstrosity (D)
  3 Orb Guardians (D)
  A tengu reaver (D)
  3 shadow dragons (D)
  Ilsuiw (D)
  7 greater nagas (D)
  A fire giant (D)
  A frost giant (D)
  4 vault wardens (D)
  Louise (D)
  A draconian scorcher (D)
  6 emperor scorpions (D)
  A ghost moth (D)
  A very ugly thing (D)
  5 stone giants (D)
  A dire elephant (D)
  A vampire knight (D)
  20 vault guards (D)
  2 ettins (D)
  5 merfolk javelineers (D)
  A minotaur (D)
  A fire dragon (D)
  A yaktaur captain (D)
  9 hydras (D)
  4 great orbs of eyes (D)
  A green death (D)
  A naga warrior (D)
  2 merfolk avatars (D)
  Erica (D)
  2 ice dragons (D)
  3 merfolk aquamancers (D)
  2 ogre magi (D)
  3 centaur warriors (D)
  A satyr (D)
  2 orc high priests (D)
  An alligator (D)
  Urug (D)
  2 naga sharpshooters (D)
  A catoblepas (D)
  A fire crab (shapeshifter) (D)
  A hell knight (D)
  A sea snake (D)
  5 swamp dragons (D)
  A death drake (shapeshifter) (D)
  A harpy (D)
  2 hill giants (D)
  5 ironbrand convokers (D)
  3 orc knights (D)
  A wolf spider zombie (D)
  2 ugly things (D)
  2 necromancers (D)
  3 orc sorcerers (D)
  A griffon (D)
  A moth of wrath (D)
  A faun (D)
  7 wolf spiders (D)
  A siren (D)
  A cyclops (D)
  A hornet (D)
  A hornet (shapeshifter) (D)
  A sixfirhy (D)
  2 black mambas (D)
  A spiny frog (D)
  2 guardian serpents (D)
  A naga mage (D)
  Psyche (D)
  A demonic crawler (D)
  4 yaktaurs (D)
  2 guardian mummies (D)
  A hydra zombie (D)
  3 polar bears (D)
  2 human zombies (D)
  2 merfolk (D)
  A human skeleton (D)
  An ettin zombie (D)
  A two-headed ogre (D)
  2 trapdoor spiders (D)
  A basilisk (D)
  2 tarantellas (D)
  10 water elementals (D)
  A yak (D)
  A hill giant zombie (D)
  A wyvern (D)
  A vampire mosquito (D)
  A neqoxec (D)
  2 hippogriffs (D)
  4 nagas (D)
  6 water moccasins (D)
  A porcupine (D)
  2 ice beasts (D)
  7 orc warriors (D)
  5 black bears (D)
  2 swamp drakes (D)
  A wasp (D)
  A vampire mosquito zombie (D)
  A centaur (D)
  A crocodile (D)
  2 scorpions (D)
  A crimson imp (D)
  3 orc priests (D)
  A hound (D)
  4 orc wizards (D)
  An iguana (D)
  A sheep (D)
  7 orc zombies (D)
  A river rat (D)
  4 adders (D)
  2 shadow imps (D)
  An adder zombie (D)
  An ooze (D)
  8 orcs (D)
  A bat zombie (D)
  A goblin (D)
  2 quokkas (D)
  A bat (D)
  A giant gecko skeleton (D)
  A giant newt (D)
  2 jackals (D)
  2 orc skeletons (D)
  2 rats (D)
  A plant (D)
281 creatures vanquished.

Vanquished Creatures (collateral kills)
  A dire elephant (D)
  An ettin (D)
  5 vault guards (D)
  A naga warrior (D)
  A merfolk aquamancer (D)
  An anaconda (D)
  A death yak (D)
  An orc high priest (D)
  A spriggan druid (D)
  A mana viper (D)
  An orc knight (D)
  An orb spider (D)
  2 orc sorcerers (D)
  A yaktaur (D)
  A deep elf priest (D)
  A demonic crawler (D)
  A bog body (D)
  A water elemental (D)
  An insubstantial wisp (D)
  4 orc warriors (D)
  An orc (D)
  A plant (D)
30 creatures vanquished.

Vanquished Creatures (others)
  An Executioner (D)
  3 cacodemons (D)
  A vampire knight (D)
  3 blizzard demons (D)
  3 green deaths (D)
  A spatial maelstrom (D)
  A deep elf knight (D)
  A necromancer (D)
  An ironbrand convoker (D)
  5 chimeras (D)
  A water elemental (D)
  A spriggan (D)
  An orc wizard (D)
  A fungus (D)
24 creatures vanquished.

Grand Total: 335 creatures vanquished

Notes
Turn   | Place    | Note
--------------------------------------------------------------
     0 | D        | Monkaria, the Hill Orc Fighter, began the quest for the Orb.
     0 | D        | Reached XP level 1. HP: 19/19 MP: 1/1
     0 | D        | Banished a spatial maelstrom
    14 | D        | Reached skill level 4 in Fighting
   117 | D        | Reached XP level 2. HP: 28/28 MP: 2/2
   130 | D        | Reached skill level 5 in Fighting
   134 | D        | Reached skill level 5 in Long Blades
   144 | D        | Reached XP level 3. HP: 17/36 MP: 3/3
   359 | D        | Found a glowing silver altar of Zin.
   359 | D        | Found a glowing golden altar of the Shining One.
   359 | D        | Found an ancient bone altar of Kikubaaqudgha.
   359 | D        | Found a basalt altar of Yredelemnul.
   359 | D        | Found a shimmering altar of Xom.
   359 | D        | Found a radiant altar of Vehumet.
   359 | D        | Found an iron altar of Okawaru.
   360 | D        | Found a burning altar of Makhleb.
   361 | D        | Found a deep blue altar of Sif Muna.
   362 | D        | Found a bloodstained altar of Trog.
   363 | D        | Found a sparkling altar of Nemelex Xobeh.
   364 | D        | Found a white marble altar of Elyvilon.
   365 | D        | Found a roughly hewn altar of Beogh.
   366 | D        | Found a viscous altar of Jiyva.
   367 | D        | Found a corrupted altar of Lugonu.
   368 | D        | Found a blossoming altar of Fedhas.
   369 | D        | Became a worshipper of Makhleb the Destroyer
   370 | D        | Found a snail-covered altar of Cheibriados.
   371 | D        | Found a shadowy altar of Dithmenos.
   372 | D        | Found a stormy altar of Qazlal.
   373 | D        | Found an opulent altar of Gozag.
   374 | D        | Found a sacrificial altar of Ru.
   431 | D        | Noticed a two-headed ogre
   431 | D        | Noticed a crimson imp
   431 | D        | Noticed an orc warrior
   431 | D        | Noticed an ice beast
   434 | D        | Killed an ice beast
   434 | D        | Acquired Makhleb's first power
   434 | D        | Reached skill level 7 in Fighting
   434 | D        | Reached skill level 9 in Long Blades
   434 | D        | Reached XP level 4. HP: 43/47 MP: 4/4
   434 | D        | Reached XP level 5. HP: 47/52 MP: 5/5
   440 | D        | Killed an orc warrior
   440 | D        | Reached skill level 10 in Long Blades
   442 | D        | Killed a crimson imp
   442 | D        | Acquired Makhleb's second power
   442 | D        | Reached skill level 11 in Long Blades
   442 | D        | Reached XP level 6. HP: 47/63 MP: 6/6
   445 | D        | Killed a two-headed ogre
   445 | D        | Reached skill level 10 in Fighting
   445 | D        | Reached skill level 12 in Long Blades
   488 | D        | Noticed a hill giant
   488 | D        | Noticed a hippogriff
   488 | D        | Noticed a four-headed hydra
   488 | D        | Noticed a yak
   488 | D        | Noticed a scorpion
   491 | D        | Killed a scorpion
   491 | D        | Reached skill level 13 in Long Blades
   491 | D        | Reached XP level 7. HP: 73/73 MP: 7/7
   493 | D        | Killed a yak
   493 | D        | Acquired Makhleb's third power
   499 | D        | Killed a one-headed hydra
   499 | D        | Reached skill level 14 in Invocations
   499 | D        | Reached XP level 8. HP: 72/80 MP: 7/24
   507 | D        | Killed a hippogriff
   507 | D        | Acquired Makhleb's fourth power
   512 | D        | Killed a hill giant
   512 | D        | Reached skill level 16 in Invocations
   512 | D        | Reached XP level 9. HP: 35/86 MP: 9/27
   513 | D        | Reached skill level 17 in Invocations
   518 | D        | Acquired Makhleb's fifth power
   722 | D        | Noticed a crocodile
   722 | D        | Noticed a water moccasin
   722 | D        | Noticed a hippogriff
   722 | D        | Noticed a spiny frog
   722 | D        | Noticed a water moccasin
   725 | D        | Noticed an iguana
   731 | D        | Killed a water moccasin
   738 | D        | Killed a spiny frog
   742 | D        | Killed a hippogriff
   747 | D        | Killed a water moccasin
   749 | D        | Killed a crocodile
   758 | D        | Killed an iguana
  1044 | D        | Noticed a hound
  1044 | D        | Noticed a water moccasin
  1044 | D        | Noticed a porcupine
  1044 | D        | Noticed a black mamba
  1048 | D        | Noticed a water moccasin
  1049 | D        | Noticed an eight-headed hydra
  1056 | D        | Killed a black mamba
  1056 | D        | Reached skill level 10 in Armour
  1060 | D        | Killed a porcupine
  1060 | D        | Reached XP level 10. HP: 67/94 MP: 28/28
  1065 | D        | Killed a water moccasin
  1073 | D        | Killed a hound
  1081 | D        | Killed a water moccasin
  1091 | D        | Killed a two-headed hydra
  1315 | D        | Noticed a polar bear
  1315 | D        | Noticed a black bear
  1315 | D        | Noticed a black bear
  1315 | D        | Noticed a black bear
  1315 | D        | Noticed a black bear
  1315 | D        | Noticed a polar bear
  1315 | D        | Noticed a polar bear
  1328 | D        | Noticed a black bear
  1332 | D        | Killed a polar bear
  1334 | D        | Killed a polar bear
  1342 | D        | Killed a polar bear
  1345 | D        | Killed a black bear
  1349 | D        | Killed a black bear
  1352 | D        | Killed a black bear
  1354 | D        | Killed a black bear
  1354 | D        | Reached skill level 15 in Armour
  1358 | D        | Killed a black bear
  1528 | D        | Noticed Erica
  1580 | D        | Killed Erica
  1797 | D        | Noticed an orc priest
  1797 | D        | Noticed an orc knight
  1797 | D        | Noticed an orc wizard
  1797 | D        | Noticed an orc wizard
  1797 | D        | Noticed an orc high priest
  1797 | D        | Noticed an orc warrior
  1797 | D        | Noticed an orc warrior
  1799 | D        | Killed an orc warrior
  1799 | D        | Killed an orc warrior
  1799 | D        | Killed an orc wizard
  1800 | D        | Noticed an orc priest
  1805 | D        | Noticed an orc warrior
  1806 | D        | Killed an orc high priest
  1806 | D        | Reached XP level 11. HP: 99/101 MP: 29/29
  1808 | D        | Noticed an orc wizard
  1814 | D        | Noticed an orc wizard
  1816 | D        | Killed an orc wizard
  1816 | D        | Killed an orc priest
  1816 | D        | Killed an orc priest
  1821 | D        | Killed an orc knight
  1821 | D        | Reached skill level 15 in Long Blades
  1825 | D        | Killed an orc warrior
  1834 | D        | Killed an orc wizard
  1837 | D        | Noticed an orc wizard
  1837 | D        | Killed an orc wizard
  1847 | D        | Killed an orc wizard
  2045 | D        | Noticed an orc warrior
  2045 | D        | Noticed an orc priest
  2045 | D        | Noticed an orc warrior
  2045 | D        | Noticed an orc knight
  2045 | D        | Noticed an orc warrior
  2045 | D        | Noticed an orc warrior
  2047 | D        | Noticed an orc knight
  2053 | D        | Noticed an orc warrior
  2053 | D        | Killed an orc warrior
  2062 | D        | Killed an orc knight
  2063 | D        | Noticed an orc warrior
  2065 | D        | Killed an orc warrior
  2071 | D        | Noticed an orc sorcerer
  2071 | D        | Killed an orc warrior
  2077 | D        | Noticed an orc warrior
  2101 | D        | Noticed a soul eater
  2110 | D        | Killed an orc knight
  2117 | D        | Killed an orc warrior
  2117 | D        | Killed an orc warrior
  2117 | D        | Killed an orc sorcerer
  2125 | D        | Killed an orc warrior
  2129 | D        | Killed an orc warrior
  2136 | D        | Killed an orc priest
  2474 | D        | Found Keiris' Gadget Boutique.
  2474 | D        | Noticed an orc high priest
  2474 | D        | Noticed an orc knight
  2488 | D        | Killed an orc knight
  2492 | D        | Noticed an orc sorcerer
  2499 | D        | Killed an orc high priest
  2501 | D        | Paralysed by an orc sorcerer for 5 turns
  2529 | D        | Killed an orc sorcerer
  2538 | D        | Found Domurid's Magic Scroll Shop.
  2751 | D        | Found Iqoxzeir's Antique Weapon Boutique.
  2753 | D        | Noticed an orc sorcerer
  2754 | D        | Found Mnumn's Assorted Antiques.
  2755 | D        | Noticed an orc sorcerer
  2756 | D        | Noticed an orc high priest
  2766 | D        | Noticed an orc sorcerer
  2768 | D        | Killed an orc sorcerer
  2773 | D        | Noticed a soul eater
  2777 | D        | Killed an orc sorcerer
  2787 | D        | Killed an orc high priest
  2792 | D        | Killed an orc sorcerer
  2821 | D        | Bought a scroll of enchant weapon for 90 gold pieces
  2821 | D        | Bought a scroll of enchant armour for 90 gold pieces
  2821 | D        | Bought a scroll of identify for 24 gold pieces
  2824 | D        | Bought a box of beasts for 220 gold pieces
  3081 | D        | Bought a viscous inky potion for 15 gold pieces
  3081 | D        | Bought a scroll labeled UTE MOMEFE for 17 gold pieces
  3081 | D        | Bought an emerald potion for 15 gold pieces
  3081 | D        | Bought a scroll labeled UTE MOMEFE for 17 gold pieces
  3081 | D        | Bought a scroll of fog for 34 gold pieces
  3086 | D        | Bought a scroll of identify for 24 gold pieces
  3086 | D        | Bought a scroll of identify for 24 gold pieces
  3086 | D        | Bought a scroll of identify for 24 gold pieces
  3113 | D        | Noticed Urug
  3141 | D        | Killed Urug
  3186 | D        | Noticed Psyche
  3200 | D        | Killed Psyche
  3200 | D        | Reached skill level 5 in Evocations
  3293 | D        | Got the +9 plate armour of Spring {Int+4 Dex+4 Slay+5 SInv}
  3372 | D        | Noticed a hill giant
  3372 | D        | Noticed a vampire mosquito
  3372 | D        | Noticed an ice beast
  3372 | D        | Noticed a basilisk
  3376 | D        | Killed a basilisk
  3380 | D        | Noticed a wyvern
  3383 | D        | Killed an ice beast
  3384 | D        | Noticed a necromancer
  3391 | D        | Noticed a frost giant
  3394 | D        | Killed a vampire mosquito
  3394 | D        | Reached XP level 12. HP: 117/117 MP: 31/31
  3401 | D        | Killed a hill giant
  3406 | D        | Killed a wyvern
  3411 | D        | Killed a necromancer
  3416 | D        | Killed a frost giant
  3544 | D        | Noticed a centaur warrior
  3545 | D        | Noticed a death yak
  3546 | D        | Noticed a dire elephant
  3559 | D        | Noticed an ettin
  3560 | D        | Noticed a deep elf priest
  3570 | D        | Killed a centaur warrior
  3580 | D        | Killed a death yak
  3582 | D        | Killed a deep elf priest
  3589 | D        | Killed a dire elephant
  3594 | D        | Killed an ettin
  3993 | D        | Noticed a naga sharpshooter
  3993 | D        | Noticed a black mamba
  3993 | D        | Noticed a water moccasin
  3993 | D        | Noticed a greater naga
  3993 | D        | Noticed a mana viper
  3993 | D        | Noticed a naga mage
  3993 | D        | Noticed a naga warrior
  4006 | D        | Killed a naga warrior
  4012 | D        | Killed a naga mage
  4020 | D        | Noticed a green death
  4027 | D        | Killed a green death
  4029 | D        | Killed a mana viper
  4352 | D        | Killed a greater naga
  4352 | D        | Reached skill level 18 in Armour
  4380 | D        | Killed a black mamba
  4421 | D        | Killed a water moccasin
  4449 | D        | Killed a naga sharpshooter
  4449 | D        | Reached skill level 5 in Shields
  4452 | D        | Noticed an anaconda
  4459 | D        | Killed an anaconda
  4478 | D        | Noticed a naga sharpshooter
  4487 | D        | Noticed a scorpion
  4488 | D        | Noticed a tarantella
  4500 | D        | Killed a naga sharpshooter
  4504 | D        | Killed a scorpion
  4508 | D        | Killed a tarantella
  4509 | D        | Noticed a demonic crawler
  4510 | D        | Noticed an orb spider
  4517 | D        | Noticed a wolf spider
  4518 | D        | Killed a demonic crawler
  4522 | D        | Noticed a wasp
  4523 | D        | Killed an orb spider
  4524 | D        | Noticed a tarantella
  4525 | D        | Killed a wolf spider
  4529 | D        | Killed a wasp
  4536 | D        | Killed a tarantella
  4544 | D        | Noticed a trapdoor spider
  4546 | D        | Killed a trapdoor spider
  4546 | D        | Reached XP level 13. HP: 124/124 MP: 31/31
  4548 | D        | Noticed a trapdoor spider
  4551 | D        | Killed a trapdoor spider
  4553 | D        | Noticed a five-headed hydra
  4553 | D        | Noticed an alligator
  4553 | D        | Noticed a bog body
  4553 | D        | Noticed a spriggan druid
  4553 | D        | Noticed a water moccasin
  4555 | D        | Killed a water moccasin
  4555 | D        | Reached skill level 10 in Shields
  4562 | D        | Killed a spriggan druid
  4564 | D        | Killed a bog body
  4564 | D        | Killed an insubstantial wisp
  4577 | D        | Killed an alligator
  4582 | D        | Killed a two-headed hydra
  4599 | D        | Noticed a merfolk
  4599 | D        | Noticed a cyclops
  4599 | D        | Noticed a griffon
  4599 | D        | Noticed a sea snake
  4599 | D        | Noticed a faun
  4599 | D        | Noticed a satyr
  4599 | D        | Noticed a centaur
  4600 | D        | Killed a centaur
  4601 | D        | Noticed a siren
  4605 | D        | Killed a satyr
  4605 | D        | Reached skill level 5 in Dodging
  4606 | D        | Noticed a harpy
  4609 | D        | Killed a faun
  4617 | D        | Killed a sea snake
  4623 | D        | Killed a griffon
  4629 | D        | Killed a cyclops
  4633 | D        | Killed a merfolk
  4641 | D        | Killed a siren
  4647 | D        | Killed a harpy
  4768 | D        | Noticed a stone giant
  4768 | D        | Noticed a tentacled monstrosity
  4768 | D        | Noticed an ogre mage
  4768 | D        | Noticed a vampire knight
  4768 | D        | Noticed a hell knight
  4768 | D        | Noticed a yaktaur
  4768 | D        | Noticed a tengu reaver
  4773 | D        | Killed a vampire knight
  4792 | D        | Killed a yaktaur
  4793 | D        | Killed a tengu reaver
  4793 | D        | Reached skill level 10 in Dodging
  4799 | D        | Killed a hell knight
  4801 | D        | Killed an ogre mage
  4811 | D        | Killed a tentacled monstrosity
  4815 | D        | Killed a stone giant
  4884 | D        | Noticed a red very ugly thing
  4885 | D        | Noticed a great orb of eyes
  4890 | D        | Noticed a dire elephant
  4892 | D        | Noticed a minotaur
  4898 | D        | Killed a red very ugly thing
  4902 | D        | Killed a great orb of eyes
  4909 | D        | Killed a dire elephant
  4916 | D        | Killed a minotaur
  4926 | D        | Noticed a great orb of eyes
  4927 | D        | Noticed a cyan ugly thing
  4928 | D        | Noticed a stone giant
  4929 | D        | Noticed an ice dragon
  4929 | D        | Noticed a catoblepas
  4930 | D        | Noticed a great orb of eyes
  4931 | D        | Noticed a centaur warrior
  4935 | D        | Killed a great orb of eyes
  4941 | D        | Killed a cyan ugly thing
  4963 | D        | Killed a stone giant
  4963 | D        | Reached XP level 14. HP: 75/132 MP: 32/32
  4979 | D        | Killed an ice dragon
  4982 | D        | Killed a catoblepas
  4982 | D        | Reached skill level 15 in Dodging
  4983 | D        | Killed a great orb of eyes
  4990 | D        | Killed a centaur warrior
  5060 | D        | Noticed a yaktaur
  5060 | D        | Noticed a guardian serpent
  5060 | D        | Noticed a hornet
  5060 | D        | Noticed a yaktaur
  5060 | D        | Noticed a wolf spider
  5060 | D        | Noticed a fire crab
  5060 | D        | Noticed a vault warden
  5061 | D        | Noticed a centaur warrior
  5066 | D        | Killed a vault warden
  5069 | D        | Noticed a purple ugly thing
  5069 | D        | Killed a fire crab
  5071 | D        | a guardian serpent changed into a death drake
  5072 | D        | Killed a wolf spider
  5077 | D        | Noticed an orb spider
  5077 | D        | Killed a yaktaur
  5079 | D        | Noticed a fire dragon
  5079 | D        | Killed a hornet
  5083 | D        | an orb spider changed into a hornet
  5085 | D        | Killed a yaktaur
  5087 | D        | Killed a centaur warrior
  5088 | D        | Noticed an ironbrand convoker
  5092 | D        | Noticed a yaktaur
  5094 | D        | Killed a purple ugly thing
  5096 | D        | Noticed a stone giant
  5103 | D        | Killed a fire dragon
  5106 | D        | Killed an ironbrand convoker
  5109 | D        | Killed a yaktaur
  5114 | D        | Killed a stone giant
  5120 | D        | Noticed an ironbrand convoker
  5121 | D        | Noticed a vault warden
  5125 | D        | Noticed a deep elf knight
  5126 | D        | Noticed a yaktaur captain
  5127 | D        | Noticed an ogre mage
  5129 | D        | Noticed a fire giant
  5130 | D        | Killed an ironbrand convoker
  5143 | D        | Killed a vault warden
  5145 | D        | Killed a deep elf knight
  5156 | D        | Killed a yaktaur captain
  5160 | D        | Killed an ogre mage
  5167 | D        | Killed a fire giant
  5168 | D        | Noticed an ice dragon
  5179 | D        | Killed an ice dragon
  5179 | D        | Reached skill level 19 in Dodging
  5355 | D        | Noticed Norris
  5386 | D        | Killed Norris
  5653 | D        | Got the +0 pair of boots "Katurum" {rF+ MR+ Regen+}
  5712 | D        | Noticed Xtahua
  5729 | D        | Killed Xtahua
  5753 | D        | Noticed a moth of wrath
  5766 | D        | Killed a moth of wrath
  5846 | D        | Identified a +0 rod of inaccuracy (11/11) (You found it in the Dungeon)
  5847 | D        | Noticed a swamp drake
  5847 | D        | Noticed an eight-headed hydra
  5847 | D        | Noticed a swamp dragon
  5847 | D        | Noticed a swamp dragon
  5847 | D        | Noticed a six-headed hydra
  5847 | D        | Noticed a swamp dragon
  5847 | D        | Noticed a swamp dragon
  5849 | D        | Noticed a swamp drake
  5849 | D        | Killed a six-headed hydra
  5849 | D        | Reached skill level 20 in Long Blades
  5849 | D        | Reached XP level 15. HP: 138/138 MP: 33/33
  5854 | D        | Noticed a five-headed hydra
  5858 | D        | Killed a swamp dragon
  5860 | D        | Killed a swamp dragon
  5862 | D        | Noticed a five-headed hydra
  5862 | D        | Killed a swamp dragon
  5863 | D        | Noticed a six-headed hydra
  5865 | D        | Killed a swamp dragon
  5866 | D        | Noticed a six-headed hydra
  5869 | D        | Killed a five-headed hydra
  5872 | D        | Killed a swamp drake
  5872 | D        | Reached skill level 21 in Long Blades
  5875 | D        | Killed a swamp drake
  5880 | D        | Killed a one-headed hydra
  5884 | D        | Killed a two-headed hydra
  5889 | D        | Killed a one-headed hydra
  5893 | D        | Killed a two-headed hydra
  5893 | D        | Reached skill level 15 in Fighting
  5903 | D        | Got a decaying rune of Zot
  6022 | D        | Noticed a ghost moth
  6022 | D        | Noticed an emperor scorpion
  6022 | D        | Noticed a wolf spider
  6022 | D        | Noticed a wolf spider
  6022 | D        | Noticed an emperor scorpion
  6022 | D        | Noticed an emperor scorpion
  6024 | D        | Noticed an emperor scorpion
  6037 | D        | Killed an emperor scorpion
  6045 | D        | Killed an emperor scorpion
  6047 | D        | Killed a wolf spider
  6050 | D        | Killed a wolf spider
  6057 | D        | Killed an emperor scorpion
  6066 | D        | Killed a ghost moth
  6083 | D        | Killed an emperor scorpion
  6085 | D        | Noticed an emperor scorpion
  6086 | D        | Noticed a wolf spider
  6087 | D        | Noticed an emperor scorpion
  6088 | D        | Noticed a wolf spider
  6089 | D        | Noticed a demonic crawler
  6099 | D        | Killed an emperor scorpion
  6099 | D        | Reached skill level 22 in Long Blades
  6103 | D        | Killed a wolf spider
  6114 | D        | Killed an emperor scorpion
  6117 | D        | Killed a wolf spider
  6130 | D        | Killed a demonic crawler
  6152 | D        | Got a gossamer rune of Zot
  6223 | D        | Noticed Ilsuiw
  6223 | D        | Noticed a merfolk avatar
  6223 | D        | Noticed a merfolk aquamancer
  6223 | D        | Noticed a merfolk javelineer
  6223 | D        | Noticed a merfolk javelineer
  6223 | D        | Noticed a merfolk javelineer
  6223 | D        | Noticed a merfolk
  6239 | D        | Noticed a merfolk aquamancer
  6248 | D        | Noticed a merfolk javelineer
  6253 | D        | Killed a merfolk aquamancer
  6254 | D        | Noticed a merfolk aquamancer
  6259 | D        | Killed a merfolk aquamancer
  6261 | D        | Noticed a merfolk javelineer
  6269 | D        | Noticed a merfolk avatar
  6273 | D        | Noticed a merfolk aquamancer
  6277 | D        | Killed a merfolk javelineer
  6277 | D        | Reached skill level 5 in Throwing
  6290 | D        | Killed a merfolk javelineer
  6306 | D        | Killed a merfolk aquamancer
  6312 | D        | Killed a merfolk javelineer
  6319 | D        | Killed a merfolk avatar
  6321 | D        | Killed a merfolk javelineer
  6322 | D        | Killed a merfolk aquamancer
  6327 | D        | Killed a merfolk javelineer
  6346 | D        | Killed a merfolk avatar
  6350 | D        | Killed a merfolk
  6360 | D        | Killed Ilsuiw
  6363 | D        | Got a barnacled rune of Zot
  6413 | D        | Noticed a greater naga
  6413 | D        | Noticed a greater naga
  6413 | D        | Noticed a naga
  6413 | D        | Noticed a guardian serpent
  6413 | D        | Noticed a naga warrior
  6413 | D        | Noticed a greater naga
  6413 | D        | Noticed a naga
  6414 | D        | Killed a naga
  6415 | D        | Noticed a guardian serpent
  6417 | D        | Killed a greater naga
  6419 | D        | Noticed a greater naga
  6427 | D        | Noticed a greater naga
  6427 | D        | Killed a greater naga
  6427 | D        | Reached skill level 23 in Long Blades
  6429 | D        | Noticed a naga
  6431 | D        | Noticed a naga
  6431 | D        | Killed a greater naga
  6440 | D        | Killed a naga warrior
  6444 | D        | Killed a greater naga
  6444 | D        | Reached XP level 16. HP: 167/167 MP: 34/34
  6445 | D        | Killed a naga
  6451 | D        | Killed a greater naga
  6451 | D        | Reached skill level 24 in Long Blades
  6452 | D        | Killed a naga
  6454 | D        | Killed a guardian serpent
  6457 | D        | Killed a guardian serpent
  6460 | D        | Killed a naga
  6464 | D        | Noticed a greater naga
  6475 | D        | Killed a greater naga
  6481 | D        | Got a serpentine rune of Zot
  6508 | D        | Noticed Louise
  6508 | D        | Noticed Frederick
  6525 | D        | Killed Frederick
  6525 | D        | Reached skill level 25 in Long Blades
  6545 | D        | Killed Louise
  6622 | D        | Noticed a vault guard
  6622 | D        | Noticed a vault guard
  6622 | D        | Noticed a vault guard
  6622 | D        | Noticed a vault guard
  6622 | D        | Noticed a vault guard
  6622 | D        | Noticed a vault guard
  6622 | D        | Noticed a vault guard
  6628 | D        | Killed a vault guard
  6629 | D        | Killed a vault guard
  6629 | D        | Killed a vault guard
  6629 | D        | Killed a vault guard
  6631 | D        | Killed a vault guard
  6634 | D        | Noticed a vault guard
  6636 | D        | Noticed a vault guard
  6636 | D        | Noticed a vault guard
  6637 | D        | Noticed a vault guard
  6638 | D        | Killed a vault guard
  6639 | D        | Noticed a vault guard
  6641 | D        | Killed a vault guard
  6642 | D        | Noticed a vault guard
  6647 | D        | Killed a vault guard
  6647 | D        | Reached skill level 26 in Long Blades
  6652 | D        | Killed a vault guard
  6661 | D        | Killed a vault guard
  6664 | D        | Killed a vault guard
  6667 | D        | Killed a vault guard
  6675 | D        | Killed a vault guard
  7033 | D        | Noticed a swamp dragon
  7041 | D        | Killed a swamp dragon
  7041 | D        | Reached skill level 27 in Long Blades
  7443 | D        | Noticed a vault guard
  7444 | D        | Noticed a vault guard
  7445 | D        | Noticed a vault guard
  7446 | D        | Noticed a vault guard
  7449 | D        | Noticed a vault guard
  7450 | D        | Noticed a vault guard
  7450 | D        | Killed a vault guard
  7455 | D        | Noticed a vault guard
  7455 | D        | Killed a vault guard
  7458 | D        | Killed a vault guard
  7463 | D        | Killed a vault guard
  7464 | D        | Noticed a vault guard
  7467 | D        | Killed a vault guard
  7468 | D        | Noticed a vault guard
  7473 | D        | Killed a vault guard
  7484 | D        | Noticed a vault guard
  7490 | D        | Killed a vault guard
  7495 | D        | Killed a vault guard
  7498 | D        | Killed a vault guard
  7503 | D        | Killed a vault guard
  7510 | D        | Noticed a vault guard
  7511 | D        | Noticed a vault guard
  7518 | D        | Killed a vault guard
  7521 | D        | Killed a vault guard
  7575 | D        | Noticed a great orb of eyes
  7575 | D        | Noticed a shadow dragon
  7575 | D        | Noticed an ironbrand convoker
  7575 | D        | Noticed an ironbrand convoker
  7575 | D        | Noticed a necromancer
  7575 | D        | Noticed a wolf spider
  7575 | D        | Noticed an ettin
  7577 | D        | Killed an ettin
  7581 | D        | Killed a wolf spider
  7583 | D        | Noticed a necromancer
  7586 | D        | Killed a necromancer
  7593 | D        | Noticed an ettin
  7614 | D        | Killed an ironbrand convoker
  7617 | D        | Killed an ironbrand convoker
  7633 | D        | Killed a shadow dragon
  7636 | D        | Killed a great orb of eyes
  7638 | D        | Killed a necromancer
  7642 | D        | Killed an ettin
  7668 | D        | Noticed a yaktaur
  7680 | D        | Killed a yaktaur
  7683 | D        | Noticed a stone giant
  7694 | D        | Noticed a shadow dragon
  7695 | D        | Noticed an ironbrand convoker
  7700 | D        | Killed a stone giant
  7706 | D        | Noticed a guardian mummy
  7706 | D        | Noticed an Orb Guardian
  7706 | D        | Noticed an Orb Guardian
  7706 | D        | Noticed an Orb Guardian
  7706 | D        | Killed a shadow dragon
  7709 | D        | Killed an Orb Guardian
  7715 | D        | Killed an ironbrand convoker
  7717 | D        | Noticed a shadow dragon
  7718 | D        | Noticed a vault warden
  7723 | D        | Killed an Orb Guardian
  7723 | D        | Reached XP level 17. HP: 50/173 MP: 35/35
  7732 | D        | Killed a vault warden
  7756 | D        | Killed a shadow dragon
  7759 | D        | Killed a guardian mummy
  7764 | D        | Killed an Orb Guardian
  7893 | D        | Noticed an ironbrand convoker
  7894 | D        | Noticed a vault warden
  7901 | D        | Noticed a greater mummy
  7901 | D        | Noticed a guardian mummy
  7901 | D        | Noticed a vampire knight
  7901 | D        | Killed a vault warden
  7917 | D        | Killed a greater mummy
  7917 | D        | Reached skill level 27 in Armour
  7921 | D        | Noticed a stone giant
  7921 | D        | Noticed a black draconian zealot
  7921 | D        | Noticed a spriggan baker
  7929 | D        | Killed a stone giant
  7933 | D        | Killed a guardian mummy
  7935 | D        | Noticed Cerebov
  7935 | D        | Noticed a yellow draconian scorcher
  7941 | D        | Killed a vampire knight
  7941 | D        | Killed an ironbrand convoker
  7942 | D        | Killed a yellow draconian scorcher
  7942 | D        | Killed a spriggan baker
  7948 | D        | Killed from afar by a hellion

Action                   |  1- 3 |  4- 6 |  7- 9 | 10-12 | 13-15 | 16-18 || total
-------------------------+-------+-------+-------+-------+-------+-------++-------
Melee: Long sword        |    55 |       |       |       |       |       ||    55
       Scimitar          |     2 |    13 |    80 |   394 |   543 |   293 ||  1325
       Unarmed           |       |       |       |     2 |       |       ||     2
Throw: Tomahawk          |       |       |       |     1 |    14 |       ||    15
       Javelin           |       |       |       |       |       |     3 ||     3
Invok: Greater Servant o |       |       |       |    11 |     2 |     2 ||    15
Evoke: Wand              |     1 |       |       |     3 |     2 |     3 ||     9
       Box of beasts     |       |       |       |       |     6 |     2 ||     8
       Rod               |       |       |       |       |     9 |       ||     9
  Use: Potion            |       |       |       |     4 |       |     6 ||    10
       Scroll            |       |       |       |    11 |       |     5 ||    16
 Stab: Fleeing           |       |       |       |     1 |       |       ||     1
       Invisible         |       |       |       |       |       |     1 ||     1
  Eat: Chunk             |       |       |       |     9 |    10 |     6 ||    25
       Fruit             |       |       |       |     1 |       |       ||     1
       Bread ration      |       |       |       |     1 |       |       ||     1
